 Dungeon Crawl Stone Soup version 0.20.0-15-g7f486f2 (webtiles) character file.

140514 sankara the Warrior (level 16, -9/155 HPs)
             Began as a Minotaur Fighter on June 8, 2017.
             Was the Champion of Okawaru.
             Mangled by a tyrant leech (18 damage)
             ... on level 2 of the Swamp on June 9, 2017.
             The game lasted 02:09:38 (34044 turns).

sankara the Warrior (Minotaur Fighter)             Turns: 34044, Time: 02:09:39

Health: -9/155     AC: 21    Str: 27    XL:     16   Next: 76%
Magic:  24/24      EV: 24    Int:  9    God:    Okawaru [******]
Gold:   1595       SH:  0    Dex: 18    Spells: 15/15 levels left

rFire    + . .     SeeInvis +   b - +1 dire flail of Pisyijyn {flame, rElec rC+ Int+4 SInv}
rCold    + + .     Gourm    +   (shield currently unavailable)
rNeg     + . .     Faith    .   y - +5 ring mail {rPois}
rPois    +         Spirit   .   c - +1 hat of Dim Light {rC+}
rElec    +         Reflect  .   F - +2 cloak {MR+}
rCorr    .         Harm     .   a - +0 pair of gloves {archery}
MR       +++..     Clarity  +   p - +2 pair of boots of Curiosity {Dex+2}
Stlth    +.........             v - amulet of the gourmand
Regen    0.4/turn               m - ring of protection from fire
MPRegen  0.2/turn               w - ring of Ydalol {rN+ MR+ Str+3 Slay+2}

@: no status effects
A: retaliatory headbutt, horns 2, repulsion field 1, clarity, deformed body,
strong 1
a: Heroism, Finesse, Renounce Religion


You were on level 2 of the Swamp.
You worshipped Okawaru.
Okawaru was exalted by your worship.
You were very full.

You visited 4 branches of the dungeon, and saw 25 of its levels.
You also visited: Ice Cave.

You collected 2051 gold pieces.
You spent 456 gold pieces at shops.

Inventory:

Hand Weapons
 b - the +1 dire flail of Pisyijyn (weapon) {flame, rElec rC+ Int+4 SInv}
   (You found it on level 4 of the Dungeon)

   It has been specially enchanted to burn those struck by it, causing extra
   injury to most foes and up to half again as much damage against particularly
   susceptible opponents.
   It affects your intelligence (+4).
   It protects you from cold.
   It insulates you from electricity.
   It lets you see invisible.
Missiles
 J - 11 poisoned javelins (quivered)
 N - 2 throwing nets
Armour
 a - a +0 pair of gloves of archery (worn)
 c - the +1 hat of Dim Light (worn) {rC+}
   (Okawaru gifted it to you on level 15 of the Dungeon)

   It protects you from cold.
 p - the +2 pair of boots of Curiosity (worn) {Dex+2}
   (You found it on level 8 of the Dungeon)

   It affects your dexterity (+2).
 y - a +5 ring mail of poison resistance (worn)
 F - a +2 cloak of magic resistance (worn)
 G - a +0 crystal plate armour
 T - a scarf of resistance
Jewellery
 h - the ring "Yloceose" {rN+ Stlth+}
   (You acquired it on level 14 of the Dungeon)

   [ring of positive energy]

   It protects you from negative energy.
   It makes you more stealthy.
 i - an uncursed ring of protection from magic
 m - a ring of protection from fire (left hand)
 v - an amulet of the gourmand (around neck)
 w - the ring of Ydalol (right hand) {rN+ MR+ Str+3 Slay+2}
   (You acquired it on level 15 of the Dungeon)

   [ring of strength]

   It affects your strength (+3).
   It affects your accuracy and damage with ranged weapons and melee attacks
   (+2).
   It protects you from negative energy.
   It affects your resistance to hostile enchantments.
 U - an uncursed ring of protection from cold
Wands
 g - a wand of clouds (8/9)
 E - a wand of acid (0/15)
 R - a wand of clouds (5/9)
Scrolls
 k - 7 scrolls of remove curse
 n - 4 scrolls of teleportation
 o - 8 scrolls of identify
 q - 5 scrolls of fog
 s - a scroll of magic mapping
 A - 4 scrolls of recharging
 B - 8 scrolls of enchant weapon
 D - a scroll of brand weapon
 I - a scroll of fear
 M - 5 scrolls of enchant armour
 Z - a scroll of silence
Potions
 d - 6 potions of might
 e - 14 potions of curing
 j - 4 potions of lignification
 l - a potion of haste
 r - a potion of resistance
 x - a potion of heal wounds
 z - 5 potions of flight
 C - 2 potions of berserk rage
 H - a potion of ambrosia
 Q - a potion of magic
 X - 4 potions of agility
Miscellaneous
 K - a phantom mirror
 O - a box of beasts
 V - a fan of gales
 Y - a sack of spiders
Comestibles
 f - 14 bread rations
 t - 12 meat rations
 u - 21 royal jellies
 L - 15 fruits
 P - a chunk of flesh


   Skills:
 + Level 17.5 Fighting
 - Level 14.0 Maces & Flails
 + Level 16.9 Armour
 + Level 14.3 Dodging
   Level 6.1 Shields
 + Level 13.1 Invocations


You had 15 spell levels left.
You didn't know any spells.

Dungeon Overview and Level Annotations

Branches:
Dungeon (15/15)            Temple (0/1) D:6            Lair (6/6) D:9
  Swamp (2/4) Lair:3       Spider (0/4) Lair:2        Slime (0/5) Lair:5
    Orc (2/2) D:11            Elf (0/3) Orc:2        Vaults (0/5) D:14
 Depths (0/5) D:15

Altars:
Dithmenos
Elyvilon
Fedhas
Hepliaklqana
Kikubaaqudgha
Nemelex Xobeh
Okawaru
Qazlal
Ru
Trog
Vehumet
Xom
Zin
The Shining One
Beogh
Jiyva

Shops:
D:6 (   D:10 ?   D:14 ([:=   Orc:2 ==**

Annotations:
Orc:2 exclusion: upstairs


Innate Abilities, Weirdness & Mutations

You reflexively headbutt those who attack you in melee.
You have a pair of horns on your head.
You are surrounded by a mild repulsion field. (EV +2)
You possess an exceptional clarity of mind.
Armour fits poorly on your strangely shaped body.
Your muscles are strong. (Str +2)


Message History

The tyrant leech draws strength from your injuries!
You feel better.
A tyrant leech is nearby!
You are too injured to fight recklessly!
You miss the tyrant leech. The tyrant leech bites you!
* * * LOW HITPOINT WARNING * * *
The tyrant leech draws strength from your injuries!
You hit the tyrant leech but do no damage.
You closely miss the tyrant leech. Your headbutt misses the tyrant leech.
The tyrant leech misses you. You furiously retaliate!
You headbutt the tyrant leech.
A vampire mosquito comes into view.
The vampire mosquito buzzes angrily.
You puncture the tyrant leech! You burn the tyrant leech.
The tyrant leech is moderately wounded.
You hear an angry buzzing noise.
You barely miss the tyrant leech. You headbutt the tyrant leech!
The tyrant leech is heavily wounded.
The vampire mosquito misses you. The tyrant leech bites you!!
You die...

♣♣.≈≈≈≈≈≈≈≈≈
§..≈≈≈≈≈≈.
♣.....≈≈≈ .≈≈≈≈≈.?.
♣....≈.. .≈≈≈≈≈≈.≈
♣.≈≈.♣≈ ..≈≈≈≈≈.≈
♣.≈≈≈♣♣ ♣≈≈≈≈≈≈.≈
♣≈$w..♣ ♣≈§≈≈≈≈≈≈
♣.@.♣♣♣♣♣♣♣.....≈≈≈
♣≈y♣♣≈≈≈≈≈♣§≈≈≈...≈
♣♣.≈..≈≈≈.≈.≈≈≈.≈.≈
♣♣≈≈....§≈♣<≈≈.≈≈≈
♣♣♣♣...♣♣♣♣♣..≈≈≈
≈......♣ ♣...
≈≈≈...≈♣♣ ♣♣
≈≈≈≈≈§≈.>
≈≈≈≈≈≈≈≈.♣


You could see a tyrant leech and a vampire mosquito.

Vanquished Creatures
  2 Ice Fiends (IceCv)
  Rupert (Lair:4)
  Donald (Swamp:1)
  2 orc warlords (Orc:2)
  A very ugly thing (Swamp:2)
  A dire elephant (Lair:6)
  Snorg (Orc:2)
  3 ogre magi
  A yaktaur captain (D:15)
  Harold (D:11)
  4 vault guards (D:14)
  5 hydras
  3 catoblepae (Lair:6)
  8 centaur warriors
  2 death knights
  15 two-headed ogres
  6 death yaks (Lair:6)
  2 tengu warriors (D:14)
  3 alligators
  4 orc high priests (Orc:2)
  Sonja (Lair:1)
  Nergalle (D:11)
  4 skeletal warriors
  4 unseen horrors
  A lindwurm (Lair:5)
  A shambling mangrove (Swamp:1)
  7 orc knights
  15 ugly things
  5 deep elf magi
  5 manticores
  7 cyclopes
  7 orc sorcerers
  A salamander (shapeshifter) (D:13)
  6 elephants
  A gargoyle (D:14)
  3 black mambas
  14 spiny frogs
  Joseph (D:8)
  2 ice statues (IceCv)
  A rime drake (Lair:4)
  5 centaur skeletons
  A freezing wraith (D:14)
  A yaktaur (D:14)
  3 kobold demonologists (D:11)
  7 komodo dragons
  An efreet (D:13)
  13 ice devils (IceCv)
  7 trolls
  2 jumping spiders (Lair:2)
  A tyrant leech (Swamp:1)
  A queen bee (D:8)
  6 hornets (Swamp:1)
  A polar bear (Lair:5)
  6 dream sheep (Lair:4)
  A harpy skeleton (D:14)
  A wolf spider simulacrum (D:15)
  16 slime creatures
  12 blink frogs (Lair:6)
  4 hippogriffs
  5 bog bodies (Swamp:1)
  A redback (Lair:2)
  Sigmund (D:4)
  2 shadows
  77 yaks
  A tarantella (shapeshifter) (D:13)
  6 wyverns
  4 spriggans (Swamp:1)
  3 wraiths
  A steam dragon (D:9)
  A hungry ghost (D:11)
  5 basilisks
  7 vampire mosquitoes
  An acid dragon (D:15)
  4 swamp worms
  3 wargs
  11 water moccasins
  10 porcupines
  Duvessa (D:6)
  2 slaves (D:6)
  57 orc warriors
  A hornet zombie (D:10)
  7 ice beasts
  A phantom (D:9)
  A necrophage (D:10)
  6 sky beasts
  25 ogres
  3 centaurs (D:8)
  3 eyes of draining
  12 crocodiles
  7 big kobolds
  18 bullfrogs
  4 gnoll sergeants
  A wyvern skeleton (D:11)
  Dowan (D:6)
  6 scorpions
  10 wights
  24 killer bees
  2 electric eels (Lair:3)
  13 howler monkeys
  A vampire bat (Lair:4)
  A jelly (D:7)
  9 crimson imps
  7 centaur zombies
  2 bullfrog zombies
  7 hounds
  2 quasits (D:10)
  30 orc priests
  6 bullfrog skeletons
  6 iguanas
  19 orc wizards
  11 worker ants
  A killer bee zombie (D:8)
  2 hound skeletons (D:7)
  A howler monkey zombie (D:10)
  13 gnolls
  18 adders
  5 shadow imps
  2 white imps (IceCv)
  12 ufetubi (IceCv)
  2 adder zombies
  4 worms
  A dart slug (D:3)
  4 leopard geckos
  131 orcs
  15 bats
  2 giant cockroaches
  8 goblins
  4 hobgoblins
  6 jackals
  5 quokkas
  A ball python (D:2)
  3 frilled lizards (D:1)
  19 kobolds
  8 rats
958 creatures vanquished.

Vanquished Creatures (others)
  A killer bee (D:8)
  A white imp (IceCv)
  3 ufetubi (IceCv)
  18 fungi
  15 plants
38 creatures vanquished.

Grand Total: 996 creatures vanquished

Notes
Turn   | Place    | Note
-------+----------+-------------------------------------------
     0 | D:1      | sankara the Minotaur Fighter began the quest for the Orb.
     0 | D:1      | Reached XP level 1. HP: 19/19 MP: 0/0
   261 | D:1      | Reached XP level 2. HP: 27/27 MP: 1/1
   759 | D:2      | Reached skill level 4 in Fighting
   759 | D:2      | Reached XP level 3. HP: 33/33 MP: 2/2
  1495 | D:2      | Found a sacrificial altar of Ru.
  1505 | D:2      | Found a radiant altar of Vehumet.
  1507 | D:2      | Found an iron altar of Okawaru.
  1512 | D:2      | Found a sparkling altar of Nemelex Xobeh.
  1526 | D:2      | Became a worshipper of Warmaster Okawaru
  1602 | D:2      | Reached XP level 4. HP: 40/40 MP: 3/3
  1655 | D:3      | Found a shadowy altar of Dithmenos.
  2031 | D:3      | Reached XP level 5. HP: 32/47 MP: 4/4
  2039 | D:3      | Reached skill level 5 in Fighting
  2039 | D:3      | Reached skill level 5 in Maces & Flails
  2039 | D:3      | Reached skill level 5 in Shields
  2370 | D:3      | Noticed an ogre
  2377 | D:3      | Killed an ogre
  2377 | D:3      | Reached * piety under Okawaru
  2377 | D:3      | Reached XP level 6. HP: 56/56 MP: 5/5
  2921 | D:4      | Noticed Sigmund
  3016 | D:4      | Killed Sigmund
  3016 | D:4      | Reached ** piety under Okawaru
  3016 | D:4      | Reached skill level 6 in Fighting
  3016 | D:4      | Reached XP level 7. HP: 33/63 MP: 6/6
  3507 | D:4      | Got a translucent dire flail
  3508 | D:4      | Identified the +1 dire flail of Pisyijyn {flame, rElec rC+ Int+4 SInv} (You found it on level 4 of the Dungeon)
  3568 | D:5      | Entered Level 5 of the Dungeon
  3925 | D:5      | Found a glowing golden altar of the Shining One.
  3925 | D:5      | Found a glowing silver altar of Zin.
  3925 | D:5      | Found a white marble altar of Elyvilon.
  4135 | D:5      | Reached XP level 8. HP: 71/71 MP: 7/7
  4199 | D:6      | Found a staircase to the Ecumenical Temple.
  4381 | D:6      | Reached *** piety under Okawaru
  4381 | D:6      | Reached skill level 7 in Fighting
  4708 | D:6      | Found Aplu's Weapon Emporium.
  4789 | D:6      | Found a bloodstained altar of Trog.
  4797 | D:6      | Noticed Dowan
  4798 | D:6      | Noticed Duvessa
  4822 | D:6      | Killed Duvessa
  4822 | D:6      | Reached skill level 10 in Maces & Flails
  4825 | D:6      | Killed Dowan
  4825 | D:6      | Reached skill level 5 in Armour
  5385 | D:7      | Gained mutation: Your muscles are strong. (Str +2) [potion of mutation]
  5385 | D:7      | Gained mutation: Armour fits poorly on your strangely shaped body. [potion of mutation]
  5385 | D:7      | Gained mutation: You possess an exceptional clarity of mind. [potion of mutation]
  5385 | D:7      | Gained mutation: You are surrounded by a mild repulsion field. (EV +2) [potion of mutation]
  5398 | D:7      | Reached skill level 8 in Fighting
  5414 | D:7      | Reached XP level 9. HP: 47/81 MP: 8/8
  5419 | D:7      | Reached **** piety under Okawaru
  6125 | D:7      | Found a glowing golden altar of the Shining One.
  6126 | D:7      | Found a stormy altar of Qazlal.
  6449 | D:8      | Noticed Joseph
  6454 | D:8      | Found a shimmering altar of Xom.
  6465 | D:8      | Killed Joseph
  6722 | D:8      | Found a stormy altar of Qazlal.
  6758 | D:8      | Found a blossoming altar of Fedhas.
  6989 | D:8      | Reached skill level 9 in Fighting
  7205 | D:8      | Reached ***** piety under Okawaru
  7208 | D:8      | Noticed a queen bee
  7218 | D:8      | Killed a queen bee
  7540 | D:8      | Got a pair of spiked boots
  7541 | D:8      | Identified the +2 pair of boots of Curiosity {Dex+2} (You found it on level 8 of the Dungeon)
  7663 | D:8      | Reached XP level 10. HP: 77/91 MP: 9/9
  7823 | D:8      | Reached skill level 10 in Fighting
  8271 | D:8      | Found a shimmering altar of Xom.
  8272 | D:8      | Found a hazy altar of Hepliaklqana.
  8881 | D:9      | Noticed a two-headed ogre
  8889 | D:9      | Killed a two-headed ogre
  9411 | D:9      | Reached XP level 11. HP: 91/101 MP: 10/10
  9466 | D:9      | Reached ****** piety under Okawaru
  9476 | D:9      | Found a staircase to the Lair.
  9844 | Lair:1   | Entered Level 1 of the Lair of Beasts
  9855 | Lair:1   | Noticed Sonja
  9872 | Lair:1   | Killed Sonja
  9872 | Lair:1   | Reached skill level 11 in Fighting
  9872 | Lair:1   | Reached skill level 1 in Invocations
 10258 | Lair:1   | Identified the Volume of Assistive Transmigration
 10726 | Lair:1   | Received a gift from Okawaru
 10827 | Lair:1   | Received a gift from Okawaru
 11159 | Lair:1   | Reached skill level 5 in Dodging
 11449 | Lair:2   | Reached skill level 10 in Armour
 11915 | Lair:2   | Found a hole to the Spider Nest.
 11919 | Lair:2   | Reached skill level 12 in Fighting
 11938 | Lair:2   | Got a pair of faintly glowing boots
 11939 | Lair:2   | Identified the +0 pair of boots "Linasuotz" {rPois} (You found it on level 2 of the Lair of Beasts)
 12560 | Lair:3   | Found a staircase to the Swamp.
 12855 | Lair:3   | Reached XP level 12. HP: 107/112 MP: 14/14
 13250 | Lair:4   | Reached skill level 5 in Invocations
 13400 | Lair:4   | Received a gift from Okawaru
 13410 | Lair:4   | Got a transparent arbalest {god gift}
 13467 | Lair:4   | Noticed Rupert
 13479 | Lair:4   | Killed Rupert
 14270 | Lair:5   | Noticed a six-headed hydra
 14278 | Lair:5   | Killed a six-headed hydra
 14311 | Lair:5   | Reached skill level 13 in Fighting
 14439 | Lair:5   | Received a gift from Okawaru
 14627 | Lair:5   | Found a viscous altar of Jiyva.
 14627 | Lair:5   | Found a staircase to the Slime Pits.
 15157 | Lair:6   | Entered Level 6 of the Lair of Beasts
 15294 | Lair:6   | Reached XP level 13. HP: 102/122 MP: 17/17
 15357 | Lair:6   | Received a gift from Okawaru
 15358 | Lair:6   | Got a pair of crude boots {god gift}
 15359 | Lair:6   | Identified the +0 pair of boots "Koemn" {rF+ Int+7 Dex+2} (Okawaru gifted it to you on level 6 of the Lair of Beasts)
 15455 | Lair:6   | Found an ancient bone altar of Kikubaaqudgha.
 16220 | Lair:6   | Noticed a dire elephant
 16225 | Lair:6   | Reached skill level 14 in Fighting
 16235 | Lair:6   | Killed a dire elephant
 16393 | Lair:6   | Reached skill level 10 in Dodging
 17671 | D:10     | Entered Level 10 of the Dungeon
 17744 | D:10     | Identified a scroll of acquirement
 17782 | D:10     | Found Qeanept's Magic Scroll Shop.
 18645 | D:11     | Received a gift from Okawaru
 18764 | D:11     | Reached XP level 14. HP: 133/133 MP: 19/19
 19839 | D:11     | Found a staircase to the Orcish Mines.
 21039 | Orc:1    | Entered Level 1 of the Orcish Mines
 21039 | Orc:1    | Noticed Nergalle
 21041 | Orc:1    | Noticed Harold
 21071 | D:11     | Killed Nergalle
 21082 | D:11     | Killed Harold
 21082 | D:11     | Reached skill level 15 in Fighting
 21297 | Orc:1    | Reached skill level 10 in Invocations
 21480 | Orc:2    | Entered Level 2 of the Orcish Mines
 21538 | Orc:1    | Upgraded the game from 0.20.0-14-g326068f to 0.20.0-15-g7f486f2
 21993 | Orc:2    | Found a roughly hewn altar of Beogh.
 22152 | Orc:2    | Noticed an orc warlord
 22173 | Orc:2    | Killed an orc warlord
 22173 | Orc:2    | Received a gift from Okawaru
 22228 | Orc:2    | Found Yguisek's Jewellery Emporium.
 22366 | Orc:2    | Found Imucwe's Jewellery Shoppe.
 22814 | Orc:2    | Found Syestadith's General Store.
 22821 | Orc:2    | Found a roughly hewn altar of Beogh.
 22821 | Orc:2    | Noticed an orc warlord
 22866 | Orc:2    | Killed an orc warlord
 23057 | Orc:2    | Found a staircase to the Elven Halls.
 23145 | Orc:2    | Got a pair of crude boots
 23146 | Orc:2    | Identified the cursed +0 pair of boots of Eqicwogo {rElec rF+ MR-} (You found it on level 2 of the Orcish Mines)
 23429 | Orc:2    | Received a gift from Okawaru
 23691 | Orc:2    | Found Xegini's General Store.
 23725 | Orc:2    | Reached XP level 15. HP: 129/141 MP: 22/22
 23876 | Orc:2    | Bought a scroll of silence for 105 gold pieces
 24659 | Orc:1    | Noticed Snorg
 24669 | Orc:2    | Killed Snorg
 25210 | D:12     | Reached skill level 15 in Armour
 25481 | D:13     | You fall through a shaft for 2 floors!
 25481 | D:15     | Entered Level 15 of the Dungeon
 25624 | D:14     | Reached skill level 16 in Fighting
 25743 | D:14     | Found Buzxucuts's Antique Weapon Emporium.
 25863 | D:14     | Got a shimmering jade ring
 25864 | D:14     | Identified the ring "Yloceose" {rN+ Stlth+} (You acquired it on level 14 of the Dungeon)
 26023 | D:14     | Found Ziarryob's Jewellery Shoppe.
 27065 | D:13     | Received a gift from Okawaru
 27157 | D:13     | You fall through a shaft for 2 floors!
 27781 | D:14     | Found Rutiala's Antique Armour Shop.
 27788 | D:14     | Bought a jewelled chain mail for 351 gold pieces
 27788 | D:14     | Identified the +0 chain mail of Suclusy {rElec rF- MR+ SInv} (You bought it in a shop on level 14 of the Dungeon)
 27826 | D:14     | Received a gift from Okawaru
 28812 | D:14     | Found a gate to the Vaults.
 29245 | D:14     | Found Durijyr's Book Shoppe.
 29527 | D:15     | Reached XP level 16. HP: 47/154 MP: 16/24
 30517 | D:15     | Reached skill level 17 in Fighting
 30522 | D:15     | Found a staircase to the Depths.
 30611 | D:15     | Received a gift from Okawaru
 30617 | D:15     | Got a brightly glowing hat {god gift}
 30618 | D:15     | Identified the +1 hat of Dim Light {rC+} (Okawaru gifted it to you on level 15 of the Dungeon)
 30874 | D:15     | Got a scorched brass ring
 30875 | D:15     | Identified the ring of Ydalol {rN+ MR+ Str+3 Slay+2} (You acquired it on level 15 of the Dungeon)
 31415 | Swamp:1  | Entered Level 1 of the Swamp
 31415 | Swamp:1  | Found a frozen archway.
 31429 | IceCv    | Entered an ice cave
 31815 | IceCv    | Noticed an Ice Fiend
 31817 | IceCv    | Noticed an Ice Fiend
 32152 | IceCv    | Killed an Ice Fiend
 32404 | IceCv    | Killed an Ice Fiend
 32984 | Swamp:1  | Noticed Donald
 33002 | Swamp:1  | Killed Donald
 34028 | Swamp:2  | Received a gift from Okawaru
 34044 | Swamp:2  | Mangled by a tyrant leech

Skill      XL: |  1  2  3  4  5  6  7  8  9 10 11 12 13 14 15 16 |
---------------+-------------------------------------------------+-----
Maces & Flails | 3 4 5 7 8 10 12 13 14 | 14.0
Shields        | 4 5 6 |  6.1
Fighting       | 4 5 6 8 9 10 12 13 14 15 16 17 | 17.5
Armour         | 5 7 9 10 12 13 14 15 16 | 16.9
Dodging        | 3 6 8 10 12 13 14 | 14.3
Invocations    | 4 7 9 10 12 13 | 13.1

Action                   |  1- 3 |  4- 6 |  7- 9 | 10-12 | 13-15 | 16-18 || total
-------------------------+-------+-------+-------+-------+-------+-------++-------
Melee: Flail             |    81 |    68 |       |       |       |       ||   149
       Headbutt          |     8 |    21 |    47 |   135 |   444 |   134 ||   789
       Morningstar       |       |    73 |     4 |       |       |       ||    77
       Dire flail        |       |       |   288 |   521 |  1557 |   405 ||  2771
Throw: Javelin           |       |       |       |     3 |     3 |       ||     6
Invok: Heroism           |       |       |     1 |     4 |     8 |     3 ||    16
       Finesse           |       |       |       |     2 |     5 |     3 ||    10
Evoke: Wand              |       |       |     4 |       |       |       ||     4
  Use: Potion            |       |     1 |     2 |     6 |       |     4 ||    13
       Scroll            |       |       |     6 |    14 |    16 |    10 ||    46
  Eat: Chunk             |     2 |    25 |    14 |    25 |    45 |    14 ||   125
Armor: Scale mail        |    19 |    72 |    22 |       |       |       ||   113
       Skin              |       |       |    24 |       |       |       ||    24
       Ring mail         |       |       |    51 |   114 |   278 |    87 ||   530
       Chain mail        |       |       |     2 |       |       |       ||     2
Dodge: Dodged            |    26 |    45 |   130 |   269 |   967 |   278 ||  1715
Block: Shield            |    51 |    77 |     1 |       |       |       ||   129
